AoeStats
← 月がきれいですね

MegaRandom

510054815Analyzed
4v4 RM · 5d ago on Sep 29, 2026· 27m 36s· 8 players
Game mode
Random Map
Map size
Large (8 player)
Population
200
Speed
Normal
Resources
Standard
Victory
Conquest
Starting age
Dark Age
Ending age
Imperial Age
RankedLock teamsTeams togetherTeam positionsShared explorationLock speedFull tech treeHidden civsTurbo modeCheats
Victory
Defeat
🇧🇪 Turks · Belgium
1104
+14
🇵🇱 Bengalis · Poland
1086
+15
🇵🇱 Hindustanis · Poland
1069
+15
🇦🇷 Koreans · Argentina
1041
+17
🇫🇷 Shu · France
1123
-18
🇭🇰 Magyars · Hong Kong SAR China
1050
-15
1032
-14
🇨🇳 Aztecs · China
1028
-14
John G
2:55 Loom
15:50 Feudal Age
19:14 Castle Age
18:43 Double-Bit Axe
18:45 Horse Collar
20:31 Bow Saw
21:49 Horse Collar
23:54 Stone Mining
25:37 Wheelbarrow
27:00 Hand Cart
Xemcio
5:57 Loom
15:05 Feudal Age
16:30 Horse Collar
17:29 Double-Bit Axe
19:38 Wheelbarrow
24:55 Forging
25:05 Bloodlines
L'arlecchino
7:54 Loom
12:32 Feudal Age
15:12 Double-Bit Axe
15:11 Horse Collar
22:56 Castle Age
23:25 Stone Mining
25:06 Gold Mining
kubeszek
3:21 Loom
11:51 Feudal Age
12:23 Double-Bit Axe
12:23 Horse Collar
18:12 Bloodlines
19:10 Scale Barding Armor
23:34 Castle Age
22:41 Fletching
23:33 Forging
25:01 Husbandry
25:24 Chain Barding Armor
25:22 Heavy Plow
25:04 Light Cavalry
27:24 Thumb Ring
jawsy_
10:28 Loom
13:20 Feudal Age
20:01 Castle Age
18:23 Fletching
20:15 Crossbowman
25:13 Bodkin Arrow
26:02 Thumb Ring
忒瑞
12:37 Feudal Age
20:22 Castle Age
19:00 Loom
19:53 Double-Bit Axe
19:51 Horse Collar
21:33 Town Watch
22:19 Gold Mining
22:22 Stone Mining
22:51 Bow Saw
22:47 Heavy Plow
月がきれいですね
9:12 Loom
15:46 Feudal Age
19:19 Castle Age
17:26 Double-Bit Axe
169198821
3:32 Loom
15:40 Feudal Age
18:27 Wheelbarrow
18:06 Horse Collar
21:17 Castle Age
21:11 Double-Bit Axe
23:04 Heavy Plow
Connection lost

Rejoining the realm…

Still unreachable

The connection could not be restored.

Session expired

The server has moved on; the page needs a fresh start.